 Dungeon Crawl Stone Soup version 0.16.0-6-gad6103a (webtiles) character file.

161034 Chiseanne the Severer (level 16, -11/139 HPs)
             Began as a Centaur Fighter on Mar 15, 2015.
             Was the Champion of Okawaru.
             Mangled by the 26-headed Lernaean hydra (13 damage)
             ... on level 5 of the Swamp.
             The game lasted 02:23:41 (24334 turns).

Chiseanne the Severer (Centaur Fighter)            Turns: 24334, Time: 02:23:41

Health: -11/139    AC: 30    Str: 17    XL:     16   Next: 93%
Magic:  11/11      EV: 18    Int: 13    God:    Okawaru [******]
Gold:   1740       SH: 10    Dex: 12    Spells: 0 memorised, 15 levels left

rFire  . . .     SeeInvis +     a - +3 war axe (flame)
rCold  . . .     Clarity  .     K - +3 leather armour "Gronade" {rPois rF- rN+ Regen+ SInv}
rNeg   + + .     SustAb   .     F - +2 buckler of the Catamount {Regen+ Str-3 Slay+2}
rPois  +         Gourm    .     O - +2 helmet {Int+3} {god gift}
rElec  .         Spirit   .     G - +2 cloak {rPois} {god gift}
rCorr  .         Warding  +     T - +2 pair of gloves {archery} {god gift}
rMut   .         Stasis   .     Y - +0 centaur barding {Stlth+}
MR     ++...                    g - brooch of Shielding {Ward rN+ AC+4 EV+4}
Stlth  +++.......               L - ring of protection from fire
                                A - ring of protection from magic

@: lethally poisoned (-11 -> -54), heroism, non-regenerating, rotting, diseased,
slowed, very resistant to hostile enchantments, fairly stealthy
A: hooves 3, deformed body, speed 2, tough skin 3
a: Heroism, Finesse, Renounce Religion
}: 1/15 runes: gossamer


You were on level 5 of the Swamp.
You worshipped Okawaru.
Okawaru was exalted by your worship.
You were not hungry.

You visited 6 branches of the dungeon, and saw 38 of its levels.
You also visited: Bailey and Ice Cave.

You collected 2994 gold pieces.
You spent 1254 gold pieces at shops.

Inventory:

Hand weapons
 a - a +3 war axe of flaming (weapon)
 w - a +0 blowgun
Missiles
 U - 6 curare-tipped needles
Armour
 i - a +1 large shield of protection {god gift}
 m - the +2 shield of Resistance {rF+ rC+ MR+}
   (You found it in a bailey)

   It protects you from fire.
   It protects you from cold.
   It affects your resistance to hostile enchantments.
 F - the +2 buckler of the Catamount (worn) {Regen+ Str-3 Slay+2}
   (You found it on level 5 of the Lair of Beasts)

   It affects your strength (-3).
   It affects your accuracy and damage with ranged weapons and melee attacks
   (+2).
   It increases your rate of regeneration.
 G - a +2 cloak of poison resistance (worn) {god gift}
 K - the +3 leather armour "Gronade" (worn) {rPois rF- rN+ Regen+ SInv}
   (You found it on level 7 of the Dungeon)

   It makes you vulnerable to fire.
   It protects you from poison.
   It protects you from negative energy.
   It enhances your eyesight.
   It increases your rate of regeneration.
 O - a +2 helmet of intelligence (worn) {god gift}
 T - a +2 pair of gloves of archery (worn) {god gift}
 Y - a +0 centaur barding of stealth (worn)
Jewellery
 g - the brooch of Shielding (around neck) {Ward rN+ AC+4 EV+4}
   (You bought it in a shop on level 4 of the Orcish Mines)

   [amulet of warding]

   It may prevent the melee attacks of summoned creatures.
   It affects your AC (+4).
   It affects your evasion (+4).
   It protects you from negative energy.
 l - an uncursed amulet of resist mutation
 q - an uncursed amulet of regeneration
 t - an uncursed ring of teleport control
 A - a ring of protection from magic (left hand)
 L - a ring of protection from fire (right hand)
Magical devices
 e - a wand of fire (12)
 j - a wand of invisibility (5)
 k - a wand of fireball (5)
 y - a wand of lightning (4)
 H - a wand of teleportation (4)
Scrolls
 b - 6 scrolls of teleportation
 d - 2 scrolls of amnesia
 f - 2 scrolls of recharging
 o - a scroll of holy word
 u - 3 scrolls of fear
 v - a scroll of immolation
 J - 5 scrolls of remove curse
 P - 4 scrolls of fog
Potions
 h - 6 potions of curing
 p - 2 potions of resistance
 z - 6 potions of ambrosia
 M - 2 potions of restore abilities
 X - 2 potions of heal wounds
Books
 s - a book of the Warp

   Spells                             Type                      Level
   a - Recall                         Summoning/Translocation      3
   b - Control Teleport               Charms/Translocation         4
   c - Force Lance                    Conjuration/Translocation    4
   d - Phase Shift                    Translocation                5
   e - Warp Weapon                    Charms/Translocation         5
   f - Gell's Gravitas                Hexes/Translocation          5
   g - Summon Forest                  Summoning/Translocation      5
Miscellaneous
 c - a sack of spiders {used: 4}
Comestibles
 n - 11 meat rations
 r - a slice of pizza
 E - 7 fruits
 I - 17 bread rations


   Skills:
 - Level 12.0(17.0) Fighting
 + Level 16.2(21.2) Axes
   Level 2.5(16.2) Maces & Flails
 - Level 9.2(14.2) Armour
 - Level 9.2(14.2) Dodging
 - Level 12.3(17.3) Shields


You had 15 spell levels left.
You didn't know any spells.

Dungeon Overview and Level Annotations

Branches:
Dungeon (15/15)            Temple (1/1) D:7            Lair (8/8) D:9
  Swamp (5/5) Lair:4       Spider (5/5) Lair:4        Slime (0/6) Lair:7
    Orc (4/4) D:9             Elf (0/3) Orc:4        Vaults (0/5) D:13
 Depths (0/5) D:15

Altars:
Ashenzari
Dithmenos
Elyvilon
Kikubaaqudgha
Makhleb
Nemelex Xobeh
Okawaru
Qazlal
Ru
Sif Muna
Trog
Vehumet
Xom
Yredelemnul
Zin
The Shining One
Beogh
Jiyva

Shops:
D:9 [   Orc:1 (   Orc:4 :=*([

Annotations:
Lair:1 exclusion: door
Swamp:4 Frances
Swamp:5 Lernaean hydra


Innate Abilities, Weirdness & Mutations

You have hooves in place of feet.
Armour fits poorly on your strangely shaped body.
You cover ground very quickly.
You have extremely tough skin (AC +3).


Message History

The 26-headed Lernaean hydra bites you!
* * * LOW HITPOINT WARNING * * *
The 26-headed Lernaean hydra bites you but does no damage.
The 26-headed Lernaean hydra bites you!
* * * LOW HITPOINT WARNING * * *
The 26-headed Lernaean hydra closely misses you.
The 26-headed Lernaean hydra bites you but does no damage. x2
You block the 26-headed Lernaean hydra's attack.
The 26-headed Lernaean hydra misses you.
The 26-headed Lernaean hydra bites you but does no damage. x3
The 26-headed Lernaean hydra completely misses you.
The 26-headed Lernaean hydra bites you but does no damage.
The 26-headed Lernaean hydra barely misses you.
The 26-headed Lernaean hydra bites you but does no damage.
The 26-headed Lernaean hydra bites you!
* * * LOW HITPOINT WARNING * * *
The 26-headed Lernaean hydra bites you but does no damage. x6
You block the 26-headed Lernaean hydra's attack.
The 26-headed Lernaean hydra bites you!
You die...

....#≈≈≈ .≈.≈≈≈.≈ ≈#[♣≈≈♣
.≈.≈♣ ♣♣ ..≈♣≈♣♣♣.≈ ####
## ≈..♣♣♣.≈
####≈≈####≈####
$..≈♣.####≈≈≈≈#≈≈≈≈≈≈≈≈≈
........##..≈≈§≈§§..≈≈.≈.
......≈......^.§@§§≈..≈.≈
..≈♣≈..##≈≈≈#≈§DD#≈§≈≈≈.≈
.≈♣♣.######§#≈..≈# ≈≈≈≈≈
.≈♣♣♣. ##≈≈#.≈≈P≈#≈#. ..≈
♣. #≈≈≈.≈.≈# ≈. .≈≈ ♣
≈≈.≈≈.≈.≈≈# ≈.
≈§≈.§.≈#≈≈. #≈≈.≈≈..≈§
≈≈≈.≈≈


You could see the 26-headed Lernaean hydra and a swamp dragon.

Vanquished Creatures
  Rupert (D:15)
  Kirke (D:15)
  An orc warlord (Orc:4)
  4 emperor scorpions (Spider:5)
  4 ghost moths (Spider:5)
  A stone giant (Orc:4)
  2 rakshasas (D:15)
  A dire elephant (D:15)
  4 vault guards (D:13)
  The ghost of Econoterrorist the Blocker, a powerful MiFi of Okawaru (IceCv)
  The ghost of weresquid the Quickloader, a powerful HOAM of Lugonu (Lair:2)
  Fannar (Orc:2)
  Harold (D:11)
  A ghost crab (Swamp:5)
  2 centaur warriors
  14 hydras
  Erica (D:11)
  An ogre mage (D:13)
  4 death yaks
  A tengu warrior (D:14)
  2 orc high priests
  3 alligators
  Nergalle (Orc:4)
  A deep elf knight (D:11)
  2 ice devils (IceCv)
  3 unseen horrors
  6 swamp dragons (Swamp:5)
  Erolcha (Orc:4)
  A wizard (D:13)
  2 ice statues (IceCv)
  8 orc knights
  2 cyclopes
  4 hill giants
  11 orb spiders
  An orc sorcerer (Orc:4)
  15 wolf spiders
  7 ugly things
  3 griffons
  A manticore (D:15)
  A salamander (D:15)
  2 moths of wrath
  2 hornets
  3 black mambas
  9 elephants
  2 gargoyles
  3 centaur skeletons
  A kobold demonologist (D:15)
  2 torpor snails
  6 komodo dragons
  3 yaktaurs (D:15)
  24 spiny frogs
  9 demonic crawlers
  An efreet (D:14)
  8 trolls
  A freezing wraith (D:15)
  3 fire drakes
  17 jumping spiders
  A jumping spider (shapeshifter) (D:13)
  7 polar bears (Lair:4)
  4 giant leeches
  3 bog bodies
  Grinder (D:5)
  4 blue devils (IceCv)
  2 two-headed ogres
  12 blink frogs
  8 slime creatures
  11 trapdoor spiders
  3 basilisks
  2 ravens (D:14)
  21 redbacks
  3 deep elf magi
  15 tarantellas
  A human (D:13)
  3 wyverns
  3 wraiths
  4 shadows
  3 hogs (D:15)
  35 yaks
  Eustachio (D:11)
  A centaur simulacrum (D:12)
  40 vampire mosquitoes
  A spriggan (D:7)
  13 hippogriffs
  9 wolves (Lair:8)
  4 wargs
  A deep elf fighter (D:13)
  5 insubstantial wisps (Lair:4)
  Edmund (D:7)
  6 swamp worms
  6 porcupines
  11 water moccasins
  4 swamp drakes (Swamp:5)
  A soldier ant (D:12)
  3 sky beasts
  30 spiders
  An eye of draining (D:13)
  A necrophage (D:9)
  3 ice beasts
  30 orc warriors
  4 wasps
  5 ogres
  A black bear (D:7)
  5 phantoms
  21 centaurs
  The ghost of Nefaurd the Insei, an average DrTm (D:3)
  15 crocodiles
  2 big kobolds
  A wyvern zombie (D:13)
  27 giant frogs
  7 scorpions
  7 jellies (D:12)
  10 killer bees
  3 electric eels
  4 goliath beetles
  5 quasits
  4 centaur zombies
  8 crimson imps
  17 hounds
  18 orc priests
  32 orc wizards
  Crazy Yiuf (D:5)
  A giant frog skeleton (D:4)
  5 iguanas
  8 ogre zombies (D:9)
  3 worker ants
  Ijyb (D:2)
  2 hound skeletons
  A hound zombie (D:9)
  3 worker ant zombies
  2 mummies
  4 shadow imps
  26 adders
  50 river rats
  4 worms
  A giant mite (Lair:4)
  19 white imps
  8 ufetubi (IceCv)
  An adder zombie (D:7)
  2 adder skeletons
  An ooze (D:4)
  122 orcs
  17 bats
  3 giant cockroaches
  15 goblins
  16 hobgoblins
  19 jackals
  10 quokkas
  3 ball pythons
  3 giant geckos
  2 giant newts
  3 giant spores
  2 goblin skeletons (D:9)
  2 hobgoblin skeletons (D:9)
  3 hobgoblin zombies (D:9)
  30 kobolds
  4 orc skeletons (D:9)
  13 orc zombies (D:9)
  12 rats
  8 ballistomycetes
  20 fungi
  19 plants
1202 creatures vanquished.

Vanquished Creatures (collateral kills)
  2 jumping spiders (Spider:5)
  A redback (Spider:5)
  A jelly (D:12)
4 creatures vanquished.

Vanquished Creatures (others)
  A tengu conjurer (D:14)
  A trapdoor spider (Spider:5)
  5 spiders (Spider:5)
  An orc wizard (D:10)
  A giant mite (D:12)
  2 ufetubi (IceCv)
  A quokka (D:10)
  A giant spore (D:9)
  An orc zombie (D:9)
  2 ballistomycetes (D:9)
  A fungus (Lair:5)
  2 plants (Lair:8)
19 creatures vanquished.

Grand Total: 1225 creatures vanquished

Notes
Turn   | Place    | Note
--------------------------------------------------------------
     0 | D:1      | Chiseanne, the Centaur Fighter, began the quest for the Orb.
     0 | D:1      | Reached XP level 1. HP: 19/19 MP: 1/1
   752 | D:2      | Reached XP level 2. HP: 21/26 MP: 2/2
   870 | D:2      | Noticed Ijyb
   877 | D:2      | Killed Ijyb
   877 | D:2      | Reached XP level 3. HP: 26/31 MP: 3/3
   927 | D:2      | Found a shattered altar of Ashenzari.
  1032 | D:2      | Found a glowing golden altar of the Shining One.
  1675 | D:3      | Noticed Nefaurd's ghost (average DrTm)
  1678 | D:3      | Killed Nefaurd's ghost
  1678 | D:3      | Reached skill level 4 in Fighting
  1678 | D:3      | Reached XP level 4. HP: 36/40 MP: 3/3
  1678 | D:3      | Reached XP level 5. HP: 41/46 MP: 4/4
  2630 | D:4      | Reached XP level 6. HP: 53/53 MP: 5/5
  3748 | D:5      | Entered Level 5 of the Dungeon
  3819 | D:5      | Noticed Crazy Yiuf
  3826 | D:5      | Killed Crazy Yiuf
  3996 | D:5      | Reached XP level 7. HP: 58/60 MP: 5/5
  4068 | D:5      | Noticed Grinder
  4073 | D:5      | Killed Grinder
  4073 | D:5      | Reached skill level 5 in Fighting
  4316 | D:5      | Found a bloodstained altar of Trog.
  4717 | D:6      | Identified Yhiodwop's Almanac of Confrontation and Sinister Rituals (You found it on level 6 of the Dungeon)
  5048 | D:6      | Found a deep blue altar of Sif Muna.
  5129 | D:6      | Found a stormy altar of Qazlal.
  5173 | D:7      | Reached XP level 8. HP: 54/69 MP: 6/6
  5354 | D:7      | Got a transparent leather armour
  5542 | D:7      | Identified the +3 leather armour "Gronade" {rPois rF- rN+ Regen+ SInv} (You found it on level 7 of the Dungeon)
  5601 | D:7      | Reached skill level 6 in Fighting
  5648 | D:7      | Reached skill level 5 in Axes
  5737 | D:7      | Found a staircase to the Ecumenical Temple.
  5750 | Temple   | Entered the Ecumenical Temple
  5825 | Temple   | Became a worshipper of Warmaster Okawaru
  5840 | D:7      | Reached skill level 1 in Dodging
  5846 | D:7      | Reached skill level 5 in Shields
  5926 | D:7      | Noticed Edmund
  5945 | D:7      | Killed Edmund
  5957 | D:7      | Noticed a spriggan baker
  5961 | D:7      | Killed a spriggan baker
  5961 | D:7      | Reached XP level 9. HP: 66/77 MP: 7/7
  6017 | D:7      | Found a white marble altar of Elyvilon.
  6059 | D:7      | Reached skill level 5 in Armour
  6086 | D:7      | Acquired Okawaru's first power
  6177 | D:7      | Found a glowing silver altar of Zin.
  6178 | D:7      | Found a radiant altar of Vehumet.
  6246 | D:8      | Reached skill level 1 in Maces & Flails
  6311 | D:8      | Found a flagged portal.
  6327 | Bailey   | Entered a bailey
  6327 | Bailey   | Noticed an orc knight
  6333 | Bailey   | Noticed an orc knight
  6336 | Bailey   | Noticed an orc knight
  6408 | Bailey   | Killed an orc knight
  6408 | Bailey   | Reached skill level 7 in Fighting
  6409 | Bailey   | Noticed an orc knight
  6423 | Bailey   | Killed an orc knight
  6786 | Bailey   | Reached XP level 10. HP: 77/86 MP: 5/7
  7645 | D:9      | Found a shadowy altar of Dithmenos.
  7727 | D:9      | Found a shimmering altar of Xom.
  7758 | D:9      | Reached skill level 5 in Dodging
  7830 | D:9      | Found a staircase to the Orcish Mines.
  8007 | D:9      | Found a staircase to the Lair.
  8040 | D:9      | Found Heanehaq's Antique Armour Shop.
  8043 | D:9      | Bought a pair of gloves for 135 gold pieces
  8243 | D:10     | Entered Level 10 of the Dungeon
  8434 | D:10     | Noticed a red ugly thing
  8457 | D:10     | Killed a red ugly thing
  8457 | D:10     | Reached skill level 8 in Fighting
  8927 | D:10     | Received a gift from Okawaru
  8927 | D:10     | Reached XP level 11. HP: 88/94 MP: 8/8
  8978 | D:11     | Noticed Erica
  8981 | D:11     | Noticed a deep elf knight
  8984 | D:11     | Noticed Eustachio
  8986 | D:11     | Noticed Harold
  8991 | D:11     | Killed Erica
  9006 | D:11     | Killed a deep elf knight
  9009 | D:11     | Killed Harold
  9015 | D:11     | Killed Eustachio
  9197 | D:11     | Noticed an unseen horror
  9213 | D:11     | Killed an unseen horror
  9213 | D:11     | Acquired Okawaru's second power
  9570 | D:11     | Noticed a five-headed hydra
  9583 | D:11     | Killed a one-headed hydra
  9706 | D:11     | Noticed a hill giant
  9715 | D:11     | Killed a hill giant
  9859 | D:11     | Received a gift from Okawaru
  9919 | D:12     | Noticed an unseen horror
  9946 | D:12     | Killed an unseen horror
 10118 | D:12     | Reached skill level 9 in Fighting
 10159 | D:12     | Noticed a five-headed hydra
 10166 | D:12     | Killed a one-headed hydra
 10166 | D:12     | Reached XP level 12. HP: 64/104 MP: 6/9
 10340 | D:12     | Noticed a hill giant
 10351 | D:12     | Killed a hill giant
 10644 | D:12     | Noticed a centaur warrior
 10656 | D:12     | Killed a centaur warrior
 10656 | D:12     | Received a gift from Okawaru
 10742 | D:13     | Noticed a centaur warrior
 10751 | D:13     | Killed a centaur warrior
 10803 | D:13     | Noticed a vault guard
 10805 | D:13     | Noticed a vault guard
 11001 | D:13     | Found a frozen archway.
 11035 | IceCv    | Entered an ice cave
 11416 | IceCv    | Noticed Econoterrorist's ghost (powerful MiFi)
 11434 | IceCv    | Killed Econoterrorist's ghost
 11804 | D:13     | Noticed a six-headed hydra
 11814 | D:13     | Killed a one-headed hydra
 11814 | D:13     | Reached XP level 13. HP: 68/113 MP: 9/9
 11899 | D:13     | Reached skill level 10 in Fighting
 11943 | D:13     | Noticed an ogre mage
 11955 | D:13     | Killed an ogre mage
 11992 | D:13     | Killed a vault guard
 12019 | D:13     | Received a gift from Okawaru
 12022 | D:13     | Killed a vault guard
 12048 | D:13     | Found a gate to the Vaults.
 12048 | D:13     | Noticed a vault guard
 12048 | D:13     | Noticed a vault guard
 12056 | D:13     | Killed a vault guard
 12065 | D:13     | Killed a vault guard
 12927 | D:15     | Entered Level 15 of the Dungeon
 12931 | D:15     | Noticed Kirke
 12946 | D:15     | Noticed a sphinx
 12946 | D:15     | Killed Kirke
 12948 | D:15     | Reached skill level 10 in Axes
 12971 | D:15     | Identified a scroll of acquirement
 13061 | D:15     | Noticed Rupert
 13081 | D:15     | Killed Rupert
 13081 | D:15     | Received a gift from Okawaru
 13088 | D:15     | Got a smoking leather armour {god gift}
 13090 | D:15     | Identified the +4 leather armour of Phibapt {god gift, MR- Regen+ Int+3} (Okawaru gifted it to you on level 15 of the Dungeon)
 13436 | D:15     | Reached skill level 11 in Fighting
 13459 | D:15     | Found a staircase to the Depths.
 13459 | D:15     | Noticed a dire elephant
 13481 | D:15     | Killed a dire elephant
 13481 | D:15     | Reached XP level 14. HP: 56/124 MP: 7/10
 14119 | Lair:1   | Entered Level 1 of the Lair of Beasts
 15084 | Lair:2   | Noticed weresquid's ghost (powerful HOAM)
 15094 | Lair:2   | Killed weresquid's ghost
 15757 | Lair:3   | Reached skill level 10 in Shields
 16663 | Lair:4   | Received a gift from Okawaru
 16714 | Lair:4   | Found a staircase to the Swamp.
 16787 | Lair:4   | Found a hole to the Spider Nest.
 17602 | Lair:5   | Got a smoking buckler
 17707 | Lair:5   | Identified the +2 buckler of the Catamount {Regen+ Str-3 Slay+2} (You found it on level 5 of the Lair of Beasts)
 18193 | Lair:6   | Reached skill level 12 in Fighting
 18429 | Lair:6   | Received a gift from Okawaru
 18675 | Lair:7   | Found a viscous altar of Jiyva.
 18676 | Lair:7   | Found a staircase to the Slime Pits.
 18869 | Lair:8   | Entered Level 8 of the Lair of Beasts
 19077 | Lair:8   | Reached XP level 15. HP: 85/132 MP: 8/11
 19433 | Lair:8   | Found a sacrificial altar of Ru.
 20344 | Orc:1    | Entered Level 1 of the Orcish Mines
 20355 | Orc:1    | Reached skill level 13 in Axes
 20411 | Orc:1    | Found a roughly hewn altar of Beogh.
 20812 | Orc:1    | Found Cliysh's Antique Weapon Shoppe.
 20903 | Orc:2    | Noticed Fannar
 20911 | Orc:2    | Killed Fannar
 21113 | Orc:4    | Entered Level 4 of the Orcish Mines
 21141 | Orc:4    | Found Wacahemp's Book Shoppe.
 21142 | Orc:4    | Noticed Erolcha
 21147 | Orc:4    | Killed Erolcha
 21361 | Orc:4    | Received a gift from Okawaru
 21362 | Orc:4    | Got a faintly glowing lajatang {god gift}
 21371 | Orc:4    | Noticed Nergalle
 21382 | Orc:4    | Found a roughly hewn altar of Beogh.
 21395 | Orc:4    | Killed Nergalle
 21429 | Orc:4    | Found Klarchok's Jewellery Shoppe.
 21436 | Orc:4    | Bought the brooch of Shielding {Ward rN+ AC+4 EV+4} for 889 gold pieces
 21495 | Orc:4    | Bought a cursed amulet of inaccuracy for 32 gold pieces
 21505 | Orc:4    | Found Wixzuora's General Store.
 21521 | Orc:4    | Bought a scroll of teleportation for 33 gold pieces
 21521 | Orc:4    | Bought a potion of resistance for 110 gold pieces
 21521 | Orc:4    | Bought a bread ration for 55 gold pieces
 21530 | Orc:4    | Found Plak's Antique Armour Shoppe.
 21550 | Orc:4    | Found Iruuz's Antique Weapon Shoppe.
 21622 | Orc:4    | Found a staircase to the Elven Halls.
 21962 | Spider:1 | Entered Level 1 of the Spider Nest
 22084 | Spider:2 | Reached skill level 14 in Axes
 22524 | Spider:4 | Received a gift from Okawaru
 22586 | Spider:5 | Entered Level 5 of the Spider Nest
 22590 | Spider:5 | Reached XP level 16. HP: 139/139 MP: 11/11
 23133 | Spider:5 | Reached skill level 15 in Axes
 23148 | Spider:5 | Got a gossamer rune of Zot
 23479 | Spider:1 | Received a gift from Okawaru
 23542 | Swamp:1  | Entered Level 1 of the Swamp
 24043 | Swamp:4  | Noticed Frances
 24063 | Swamp:5  | Entered Level 5 of the Swamp
 24316 | Swamp:5  | Noticed the 27-headed Lernaean hydra
 24319 | Swamp:5  | Reached skill level 16 in Axes
 24334 | Swamp:5  | HP: 2/139 [the 26-headed Lernaean hydra (12)]
 24334 | Swamp:5  | Mangled by the 26-headed Lernaean hydra

Action                   |  1- 3 |  4- 6 |  7- 9 | 10-12 | 13-15 | 16-18 || total
-------------------------+-------+-------+-------+-------+-------+-------++-------
Melee: War axe           |    75 |   145 |   151 |   673 |  1310 |   395 ||  2749
       Short sword       |       |    19 |       |       |       |       ||    19
       Flail             |       |       |    37 |     2 |       |       ||    39
       Hammer            |       |       |    15 |       |       |       ||    15
 Fire: Blowgun           |       |       |    33 |       |       |       ||    33
Throw: Tomahawk          |       |       |     7 |     3 |       |       ||    10
       Javelin           |       |       |       |     3 |    11 |     7 ||    21
Invok: Heroism           |       |       |     3 |    12 |    13 |     4 ||    32
Evoke: Wand              |       |       |    12 |    13 |     5 |       ||    30
       Sack of spiders   |       |       |       |     2 |       |     5 ||     7
  Use: Scroll            |     6 |     6 |     6 |    12 |    10 |     4 ||    44
       Potion            |     1 |     2 |     8 |     5 |     4 |    10 ||    30
 Stab: Invisible         |       |     1 |     3 |       |    20 |    34 ||    58
       Sleeping          |       |       |       |       |     5 |     2 ||     7
       Distracted        |       |       |       |       |     2 |       ||     2
  Eat: Chunk             |     1 |     6 |     8 |    12 |    11 |       ||    38
       Fruit             |       |       |       |     7 |     9 |       ||    16
       Beef jerky        |       |       |       |       |     3 |       ||     3
       Pizza             |       |       |       |       |     7 |       ||     7
